QQQQQ, chaotic female human Rogue ----.-- |...$.+ |.....| ....@.| |...M.| |<....| -----|- QQQQQ the Rogue Experience level: 9 Strength: 18 Dexterity: 18 Constitution: 17 Intelligence: 10 Wisdom: 10 Charisma: 10 Health: 0(66) Energy: 41(41) Def: 13 Gold: 0 Moves: 12834 Dungeon seed: 2RPM1hjjlwFiK9Jf Game ID: QQQQQ_1498664227 Your Inventory: Amulets i - an uncursed amulet of strangulation A - an uncursed amulet of ESP L - an uncursed amulet of reflection (being worn) Z - an uncursed amulet versus poison Weapons d - an uncursed rusty +2 short sword (weapon in hand) V - 3 uncursed +0 daggers (in quiver) Armor n - an uncursed +1 helmet (being worn) q - a cursed +0 elven mithril-coat (being worn) r - an uncursed +0 pair of leather gloves (being worn) y - a cursed -1 pair of low boots of searching (being worn) Y - an uncursed +0 dwarvish roundshield (being worn) Comestibles k - a cursed carrot m - 4 cursed food rations t - an uncursed tripe ration Scrolls o - a cursed scroll of taming p - a cursed scroll of create monster u - a cursed scroll of light Potions v - an uncursed potion of blindness D - an uncursed potion of see invisible Rings l - an uncursed ring of levitation M - a blessed +1 ring of gain constitution T - an uncursed -1 ring of increase damage U - an uncursed ring of polymorph control Wands h - a cursed wand of speed monster (0:1) X - an uncursed wand of digging (0:0) Tools a - an uncursed +0 pick-axe c - an uncursed oil lamp (0:827) e - an uncursed lock pick f - an uncursed bag of holding g - an uncursed oil lamp (1:0) j - an uncursed blindfold F - an uncursed oilskin sack J - an uncursed credit card K - an uncursed tin whistle Gems x - an uncursed luckstone z - an uncursed worthless piece of red glass Contents of the bag of holding: 2292 gold pieces a cursed amulet of change a blessed +0 axe 3 uncursed +0 darts of frost an uncursed +0 silver saber an uncursed +0 alchemy smock an uncursed +0 mummy wrapping of fire resistance an uncursed +0 orcish cloak a cursed -1 pair of gauntlets of fumbling an uncursed clove of garlic an uncursed egg 3 uncursed food rations 3 uncursed fortune cookies an uncursed lizard corpse an uncursed scroll of blank paper a cursed scroll of blank paper an uncursed scroll of create monster an uncursed scroll of earth a cursed scroll of enchant armor an uncursed spellbook of dig an uncursed spellbook of fireball an uncursed spellbook of teleport away a blessed potion of object detection a blessed potion of oil a cursed ring of hunger a cursed ring of polymorph an uncursed wand of fire (0:0) an uncursed wand of light (0:11) an uncursed wand of locking (0:3) an uncursed wand of nothing (0:1) an uncursed wand of polymorph (0:3) an uncursed leash an uncursed tinning kit (0:52) an uncursed wax candle (0:400) Spells and supernatural/magical abilities: Name Level Category Fail Memory d - dig 2 matter 100% 44% f - fireball 4 attack 100% 75% t - teleport away 5 escape 100% 43% W - pray for help -- divine ? -- Your skills at the end: Fighting Skills wands [Basic] Weapon Skills dagger [Skilled] short sword [Expert] Spellcasting Skills Final Attributes: You were piously aligned. You were poison resistant. You saw invisible. You were telepathic. You had automatic searching. You were stealthy. You were protected. You had reflection. You were lucky. You had extra luck. Bad luck did not time out for you. Good luck did not time out for you. You are dead. Vanquished creatures: a ghost a watch captain 2 giant mimics a xan an ettin mummy a sasquatch a freezing sphere a flaming sphere a tiger a gargoyle a dwarf king an ochre jelly a stone giant a wraith an ettin zombie 3 watchmen 4 quivering blobs 4 winter wolf cubs 2 giant spiders 3 black lights 3 gnome kings an orc mummy an ogre a brown pudding an owlbear a lizard 2 chickatrices a dingo a housecat 2 jaguars 4 blue jellies 4 ravens a gnome mummy a Woodland-elf an imp a water nymph 2 Mordor orcs 9 Uruk-hai 3 orc shamans 4 rock piercers 3 rock moles a pony a fog cloud 7 yellow lights 2 shriekers 3 violet fungi 8 gnome lords 2 gnomish wizards 2 kobold mummies 2 red naga hatchlings a golden naga hatchling a guardian naga hatchling 2 gray oozes 3 ghouls 2 straw golems a paper golem a baby crocodile 4 giant ants 3 floating eyes 5 kittens 9 dwarves a homunculus 3 kobold lords 3 kobold shamans 9 rothes a centipede 3 giant bats 2 monkeys 5 orc zombies 6 dwarf zombies a werejackal 3 iguanas a killer bee 2 acid blobs 9 coyotes 3 gas spores 7 hobbits 7 manes 2 large kobolds a hobgoblin 2 giant rats 2 cave spiders a brown mold 2 yellow molds a green mold 2 red molds 24 gnomes 8 garter snakes a gnome zombie 4 geckos 19 jackals 3 foxes 3 kobolds 7 goblins 12 sewer rats 14 grid bugs a bat 7 lichens a kobold zombie 9 newts 331 creatures vanquished. Voluntary challenges: You had been an atheist until turn 11507. You used a wielded weapon 391 times, starting on turn 1. You read items or engraved 79 times, starting on turn 74. You never genocided any monsters. You polymorphed 1 item, starting on turn 6034. You changed form 1 time, starting on turn 11655. You used no wishes. You never split a pudding. You wrote Elbereth's name 16 times, starting on turn 3564. You violated your moral code, losing 141 points of alignment, starting on turn 2183. Dungeon overview: The Dungeons of Doom: levels 1 to 15 Level 1 a fountain a long staircase Level 2 an altar to Issek stairs to The Gnomish Mines Level 3 a fountain Level 4 a delicatessen, a fountain Level 5 many fountains Level 6 stairs to Sokoban Level 7 Level 8 a sink Level 9 a wand shop, some fountains Level 10 Level 11 Level 12 a temple to Kos Level 13 Level 14 Level 15 <- You were here The Gnomish Mines: levels 3 to 6 Level 3 stairs to The Dungeons of Doom Level 4 Level 5 Level 6 Sokoban: levels 2 to 5 Level 2 Level 3 Level 4 Level 5 stairs to The Dungeons of Doom History has recorded: On T:1 you entered the Dungeons of Doom to retrieve the Amulet of Yendor! On T:220 you advanced to experience level 2. On T:355 you reached level 2 of The Dungeons of Doom. On T:620 you reached level 1 of The Gnomish Mines. On T:696 you reached level 2 of The Gnomish Mines. On T:707 you advanced to experience level 3. On T:900 you advanced to experience level 4. On T:1022 you advanced to experience level 5. On T:1066 you reached level 4 of The Gnomish Mines. On T:1485 you advanced to experience level 6. On T:2117 you reached level 3 of The Gnomish Mines. On T:2420 you advanced to experience level 7. On T:2700 you reached level 3 of The Dungeons of Doom. On T:2980 you reached level 4 of The Dungeons of Doom. On T:3342 you reached level 5 of The Dungeons of Doom. On T:3643 you reached level 6 of The Dungeons of Doom. On T:3782 you reached level 4 of Sokoban. On T:4114 you reached level 3 of Sokoban. On T:5097 you reached level 2 of Sokoban. On T:5833 you advanced to experience level 8. On T:5904 you reached level 1 of Sokoban. On T:7800 you reached level 7 of The Dungeons of Doom. On T:8237 you reached level 8 of The Dungeons of Doom. On T:9374 you reached level 9 of The Dungeons of Doom. On T:9661 you reached level 10 of The Dungeons of Doom. On T:10363 you advanced to experience level 9. On T:10903 you reached level 11 of The Dungeons of Doom. On T:11226 you reached level 12 of The Dungeons of Doom. On T:11740 you reached level 13 of The Dungeons of Doom. On T:12308 you reached level 14 of The Dungeons of Doom. On T:12816 you reached level 15 of The Dungeons of Doom. Score breakdown: Gold: 2292 (11430 points) Experience: 9 levels (15756 points) Exploration: 15 levels ( 30.61%) (16201 points) Discoveries: 34 items ( 11.33%) (10099 points) Valuables value: (no points given unless you survive) Artifact value: 0 ( 0 points) Variety of kills: 100 monsters ( 26.11%) (15329 points) Turncount: 12834 turns (-2747 points) Survival: died (score multiplied by 80%) Total score: 52854 Latest messages: Please move the cursor to an unknown object. A giant mummy on the floor of a room. The dagger hits the giant mummy! The giant mummy hits! (2x) You throw 2 daggers. The 1st dagger hits the giant mummy! The 2nd dagger hits the giant mummy! The giant mummy hits! The giant mummy misses. You throw 3 daggers. The 1st dagger hits the giant mummy! The 2nd dagger hits the giant mummy. The 3rd dagger hits the giant mummy. The giant mummy misses. The giant mummy hits! (3x) You die... The oilskin sack is empty. The oilskin sack is empty. Final status: Goodbye QQQQQ the Rogue, killed by a giant mummy... You died in The Dungeons of Doom on dungeon level 15 with 52854 points, and 2292 pieces of gold, after 12834 moves. You were level 9 with a maximum of 66 hit points when you died.